[Event "Titled Tuesday Blitz February 28 Early 2023"]
[White "Borrmann, Laurenz"]
[Black "Llanos, Guillermo"]
[WhiteFideId "312187930"]
[BlackFideId "100358"]
[WhiteElo "2307"]
[BlackElo "2225"]
[Result "1/2-1/2"]
[Round "08"]
[TimeControl "180+2"]
[Date "2023.02.28"]
[WhiteClock "0:00:21"]
[BlackClock "0:00:26"]

1. d4 Nf6 2. c4 e6 3. Nf3 Bb4+ 4. Nbd2 O-O 5. a3 Be7 6. e4 d6 7. Be2 e5 8. O-O Nfd7 9. d5 a5 10. b3 Na6 11. Bb2 Nac5 12. b4 axb4 13. axb4 Rxa1 14. Qxa1 Na6 15. Bc3 g6 16. Ne1 f5 17. Nd3 Bg5 18. f4 exf4 19. Nxf4 Ne5 20. c5 fxe4 21. Bxe5 dxe5 22. Qxe5 Nxb4 23. Nxe4 Bxf4 24. Rxf4 Rxf4 25. Qxf4 Nxd5 26. Bc4 c6 27. Qd6 Qxd6 28. cxd6 Kf7 29. Nc5 Ke8 30. d7+ Bxd7 31. Nxb7 Ke7 32. Kf2 Be6 33. Nc5 Nc7 34. Bd3 Bd5 35. g3 Ne6 36. Nxe6 Kxe6 37. Ke3 c5 38. h4 Ke5 39. h5 Bf7 40. hxg6 Bxg6 41. Bc4 Be4 42. Be2 h6 43. Bc4 Bd5 44. Bd3 c4 45. Bh7 Be6 46. Bb1 Bf5 47. Ba2 c3 48. Bb3 Be4 49. Ba4 Bf5 50. Bb3 Bb1 51. Ba4 c2 52. Kd2 Ke4 53. Bc6+ Kf5 54. Bf3 Kg5 55. Kc1 Kf5 56. Kd2 Ke5 57. Kc1 Kd4 58. Kd2 Kc4 59. Bh5 Kb3 60. Kc1 Kc3 61. Bg6 Kd4 62. Bf5 Ke3 63. g4 Kf4 64. Bc8 Kg5 65. Kd2 Kf4 66. Kc1 Ke3 67. Bd7 Kf4 68. Bc8 1/2-1/2


[Site "https://www.chess.com"]

[Event "Titled Tuesday Blitz February 28 Early 2023"]
[White "Prudnykova, Olga"]
[Black "Martin Duque, Jesus"]
[WhiteFideId "14121093"]
[BlackFideId "2208954"]
[WhiteElo "2174"]
[BlackElo "2305"]
[Result "0-1"]
[Round "08"]
[TimeControl "180+2"]
[Date "2023.02.28"]
[WhiteClock "0:00:15"]
[BlackClock "0:02:19"]

1. e4 d5 2. exd5 Qxd5 3. Nc3 Qa5 4. g3 c6 5. Bg2 g6 6. Nf3 Bg7 7. Rb1 Nf6 8. b4 Qh5 9. h3 g5 10. b5 Qg6 11. Ne5 Qf5 12. d4 Nfd7 13. bxc6 Nxc6 14. Nxc6 bxc6 15. Bxc6 Qe6+ 16. Be4 f5 17. O-O fxe4 18. Qh5+ Kf8 19. Nb5 Nf6 20. Qxg5 Qxh3 21. Nc7 Bg4 22. Qh4 Qxh4 23. gxh4 Rc8 24. Bf4 Nh5 25. Bh2 Bxd4 26. Rb5 Bb6 27. Rg5 Bxc7 28. Rxg4 Nf6 29. Rg5 Bxh2+ 30. Kxh2 Rxc2 31. Kg3 h6 32. Rb5 Rg8+ 33. Kf4 Rxa2 34. Rb8+ Kf7 0-1


[Site "https://www.chess.com"]

[Event "Titled Tuesday Blitz February 28 Early 2023"]
[White "Petrova, Irina"]
[Black "Lehtosaari, Mauri"]
[WhiteFideId "14124122"]
[BlackFideId "501999"]
[WhiteElo "2084"]
[BlackElo "2530"]
[Result "0-1"]
[Round "08"]
[TimeControl "180+2"]
[Date "2023.02.28"]
[WhiteClock "0:00:01"]
[BlackClock "0:00:20"]

1. e4 e6 2. d4 d5 3. Nc3 dxe4 4. Nxe4 Nd7 5. Nf3 Ngf6 6. Bg5 Be7 7. Bxf6 Nxf6 8. Nxf6+ Bxf6 9. Bd3 c5 10. O-O cxd4 11. Qe2 O-O 12. Rad1 Qb6 13. b3 Bd7 14. Ne5 Bxe5 15. Qxe5 Bc6 16. a4 Rad8 17. h4 Rd5 18. Qg3 Qc5 19. f4 a6 20. Rf2 Qe7 21. Rdf1 Qf6 22. f5 e5 23. Re1 Re8 24. Be4 Rdd8 25. Qg4 Bxe4 26. Qxe4 b6 27. g4 Qxh4 28. Rh2 Qg5 29. f6 g6 30. Rf1 d3 31. cxd3 Rd4 32. Qc6 Rxg4+ 33. Kh1 Rf8 34. Qxb6 Rf4 35. Rff2 h5 0-1


[Site "https://www.chess.com"]

[Event "Titled Tuesday Blitz February 28 Early 2023"]
[White "Toncheva, Nadya"]
[Black "Lorenzo De La Riva, Lazaro"]
[WhiteFideId "2924056"]
[BlackFideId "2268809"]
[WhiteElo "2101"]
[BlackElo "2294"]
[Result "0-1"]
[Round "08"]
[TimeControl "180+2"]
[Date "2023.02.28"]
[WhiteClock "0:00:04"]
[BlackClock "0:00:26"]

1. d4 Nf6 2. c4 c5 3. d5 b5 4. cxb5 a6 5. b6 d6 6. Nc3 Nbd7 7. e4 g6 8. Nf3 Bg7 9. Nd2 O-O 10. a4 Qxb6 11. Nc4 Qc7 12. a5 Rb8 13. Bd3 Rb4 14. O-O e6 15. Bf4 e5 16. Bd2 Rb8 17. Na4 Nh5 18. Nab6 Nf4 19. Bxf4 exf4 20. Qf3 Ne5 21. Nxe5 Bxe5 22. Rab1 h5 23. h3 Kg7 24. Rfc1 Qe7 25. b4 cxb4 26. Rxb4 Qh4 27. Be2 Rh8 28. Qd3 Bg4 29. Qxa6 f3 30. Bxf3 Bxf3 31. gxf3 Qg5+ 32. Kf1 Qxc1+ 33. Ke2 Bc3 34. Rc4 Qe1+ 35. Kd3 Qd2# 0-1


[Site "https://www.chess.com"]

[Event "Titled Tuesday Blitz February 28 Early 2023"]
[White "Jovic, Stanoje"]
[Black "Lopez Del Alamo, Antonio"]
[WhiteFideId "905020"]
[BlackFideId "2227339"]
[WhiteElo "2236"]
[BlackElo "2175"]
[Result "1-0"]
[Round "08"]
[TimeControl "180+2"]
[Date "2023.02.28"]
[WhiteClock "0:00:58"]
[BlackClock "0:00:16"]

1. c4 Nf6 2. g3 g6 3. Bg2 Bg7 4. Nc3 O-O 5. Nf3 d6 6. O-O c6 7. d3 e5 8. Rb1 Re8 9. e4 a6 10. b4 b5 11. a4 Qb6 12. Be3 Qb7 13. h3 Be6 14. Qe2 Nbd7 15. Rfc1 h6 16. Bf1 Kh7 17. Qd2 Ng8 18. g4 Ne7 19. Kg2 f5 20. gxf5 gxf5 21. exf5 Nxf5 22. Ne4 Bf6 23. Kh2 Be7 24. Be2 d5 25. cxd5 cxd5 26. Nc5 Nxc5 27. Bxc5 Bf6 28. a5 Rg8 29. Bb6 Rg7 30. d4 Rag8 31. Nxe5 Bg5 32. f4 Bh4 33. Bg4 h5 34. Bxh5 Rg2+ 35. Qxg2 Rxg2+ 36. Kxg2 Qg7+ 37. Bg4 Ne3+ 38. Kf3 Nxg4 39. hxg4 1-0


[Site "https://www.chess.com"]

[Event "Titled Tuesday Blitz February 28 Early 2023"]
[White "Nugumanov, Bakhtiyar"]
[Black "Maximov, Dmitry"]
[WhiteFideId "13701797"]
[BlackFideId "14105659"]
[WhiteElo "2209"]
[BlackElo "2494"]
[Result "0-1"]
[Round "08"]
[TimeControl "180+2"]
[Date "2023.02.28"]
[WhiteClock "0:00:29"]
[BlackClock "0:00:28"]

1. e4 c5 2. Nf3 d6 3. d4 cxd4 4. Nxd4 Nf6 5. Nc3 a6 6. g3 e5 7. Nb3 Be7 8. Bg2 O-O 9. O-O Be6 10. Nd5 Nxd5 11. exd5 Bf5 12. c4 Nd7 13. Be3 b6 14. Nd2 Bg6 15. b4 f5 16. f4 Bf6 17. Rc1 Re8 18. Qb3 Bf7 19. Rfe1 g5 20. fxg5 Bxg5 21. Nf3 Bf6 22. Qb1 Bg6 23. Qb3 Kh8 24. c5 bxc5 25. bxc5 dxc5 26. d6 Rb8 27. Qd5 Rb2 28. Bxc5 Qa5 29. Qc6 Qxa2 30. Nh4 Bxh4 31. Bd5 Qa5 32. gxh4 Qd2 33. Kf1 Nxc5 34. Qxc5 Qf4+ 35. Kg1 Qxh2+ 36. Kf1 f4 37. Qc4 Qf2# 0-1


[Site "https://www.chess.com"]

[Event "Titled Tuesday Blitz February 28 Early 2023"]
[White "Peng, Li Min"]
[Black "Bas Mas, Jose Joaquin"]
[WhiteFideId "14112620"]
[BlackFideId "22219064"]
[WhiteElo "2436"]
[BlackElo "2233"]
[Result "0-1"]
[Round "08"]
[TimeControl "180+2"]
[Date "2023.02.28"]
[WhiteClock "0:00:36"]
[BlackClock "0:00:46"]

1. e4 e6 2. d3 d5 3. Qe2 Ne7 4. e5 c5 5. f4 Nbc6 6. Nf3 Nf5 7. Qf2 Be7 8. c3 O-O 9. Na3 a6 10. Nc2 b5 11. Ne3 Nxe3 12. Bxe3 d4 13. cxd4 cxd4 14. Nxd4 Bb4+ 15. Kd1 Nxd4 16. Bxd4 Bb7 17. Rc1 Qd5 18. a3 Be7 19. Be3 Rac8 20. Rc3 b4 21. axb4 Bxb4 22. Rc2 Qa2 23. Bc1 Bd5 24. Rxc8 Rxc8 25. Qe3 Qb1 26. d4 Qc2# 0-1


[Site "https://www.chess.com"]

[Event "Titled Tuesday Blitz February 28 Early 2023"]
[White "Comas Fabrego, Lluis"]
[Black "Cheng, Xiao"]
[WhiteFideId "2200325"]
[BlackFideId "2022915"]
[WhiteElo "2523"]
[BlackElo "2446"]
[Result "0-1"]
[Round "08"]
[TimeControl "180+2"]
[Date "2023.02.28"]
[WhiteClock "0:00:01"]
[BlackClock "0:00:35"]

1. e4 c5 2. Nc3 Nc6 3. Bb5 Nd4 4. Nf3 e6 5. O-O Ne7 6. Nxd4 cxd4 7. Ne2 Nc6 8. c3 Bc5 9. b4 Bb6 10. Bb2 dxc3 11. Bxc3 O-O 12. a4 d5 13. exd5 Qxd5 14. Nf4 Qg5 15. Qf3 Nd4 16. Bxd4 Bxd4 17. Rac1 a6 18. Bd3 e5 19. Nh3 Qxd2 20. Rfd1 Qh6 21. Bf5 Bxf5 22. Qxf5 Qd6 23. Ng5 g6 24. Qh3 h5 25. b5 axb5 26. axb5 Ra2 27. Ne4 Qe7 28. Qg3 Kg7 29. h4 Rd8 30. b6 f5 31. Rc7 Rd7 32. Rxd7 Qxd7 33. Qxe5+ Bxe5 34. Rxd7+ Kf8 35. Ng3 Rb2 36. Rxb7 Bd4 37. Rb8+ Ke7 38. b7 Bxf2+ 39. Kh2 Ba7 40. Rh8 Kf6 41. Rh7 Bb8 42. Kh3 Rb3 43. Rh8 Bxg3 0-1


[Site "https://www.chess.com"]

[Event "Titled Tuesday Blitz February 28 Early 2023"]
[White "Sargissyan, Sargis"]
[Black "Rosen, Eric"]
[WhiteFideId "13303210"]
[BlackFideId "2032562"]
[WhiteElo "2109"]
[BlackElo "2359"]
[Result "0-1"]
[Round "08"]
[TimeControl "180+2"]
[Date "2023.02.28"]
[WhiteClock "0:00:01"]
[BlackClock "0:00:04"]

1. e4 e5 2. Nf3 Nf6 3. d4 Nxe4 4. Bd3 Nc6 5. d5 Nf6 6. dxc6 e4 7. cxb7 Bxb7 8. Be2 exf3 9. Bxf3 Bb4+ 10. c3 Bxf3 11. Qxf3 Be7 12. O-O O-O 13. c4 Rb8 14. Nc3 Re8 15. b3 c6 16. Bg5 Qa5 17. Bh4 d5 18. cxd5 Nxd5 19. Nxd5 Qxd5 20. Bxe7 Rxe7 21. Rfe1 Qxf3 22. gxf3 Kf8 23. Rac1 Rxe1+ 24. Rxe1 Rd8 25. Rc1 Rd6 26. Kf1 Ke7 27. Ke2 Rh6 28. Rc4 a6 29. h4 Kd7 30. Ke3 Rh5 31. Rg4 g6 32. Rf4 Re5+ 33. Re4 Ra5 34. a4 Rh5 35. Rf4 Ke6 36. Re4+ Kd6 37. Rd4+ Ke6 38. Re4+ Kd6 39. Rd4+ Kc7 40. Rf4 Re5+ 41. Re4 Rc5 42. Kd4 Rc2 43. Re7+ Kb6 44. Rxf7 Rxf2 45. Rxh7 Rxf3 46. b4 Rf4+ 47. Kc3 Rg4 48. Kb3 Rg3+ 49. Kc4 Rg4+ 50. Kc3 a5 51. bxa5+ Kxa5 52. Rg7 Kb6 53. Rf7 Rxh4 54. Rf6 Rg4 55. a5+ Kb5 56. a6 Rg3+ 57. Kd4 Ra3 58. Rxg6 Rxa6 59. Kc3 Ra3+ 60. Kb2 Rf3 61. Rg5+ c5 62. Rh5 Kb4 63. Rh4+ c4 64. Kc2 Rf2+ 65. Kc1 Kb3 66. Rh3+ c3 67. Rh1 Ra2 0-1


[Site "https://www.chess.com"]

[Event "Titled Tuesday Blitz February 28 Early 2023"]
[White "Caspi, Israel"]
[Black "Rosenberg, Evan S"]
[WhiteFideId "2807394"]
[BlackFideId "2019299"]
[WhiteElo "2419"]
[BlackElo "2440"]
[Result "1-0"]
[Round "08"]
[TimeControl "180+2"]
[Date "2023.02.28"]
[WhiteClock "0:00:24"]
[BlackClock "0:00:12"]

1. d4 d5 2. c4 e6 3. Nc3 c5 4. cxd5 cxd4 5. Qa4+ Bd7 6. Qxd4 exd5 7. Qxd5 Nf6 8. Qd1 Bc5 9. Nf3 O-O 10. g3 Qb6 11. e3 Rd8 12. Qb3 Qxb3 13. axb3 Bc6 14. Bg2 Na6 15. O-O Nb4 16. Na4 Bf8 17. Nd4 Bxg2 18. Kxg2 Rac8 19. Bd2 Nc2 20. Rac1 Nxd4 21. Rxc8 Rxc8 22. exd4 Ne4 23. Rc1 Rxc1 24. Bxc1 Bb4 25. f3 Nf6 26. Nc3 Kf8 27. Bg5 Be7 28. Kf1 h6 29. Be3 a6 30. Ke2 Ke8 31. Kd3 Kd7 32. Bf4 Kc6 33. Be5 Ne8 34. d5+ Kd7 35. g4 f6 36. Bg3 Bd6 37. Ne4 Bxg3 38. Nxg3 Kd6 39. Kd4 g6 40. h4 b6 41. h5 gxh5 42. Nf5+ Kd7 43. gxh5 Nd6 44. Nxh6 Nb5+ 45. Kd3 Kd6 46. Ng4 Ke7 47. h6 Kf7 48. h7 Kg7 49. Nxf6 Nd6 50. Ne4 Nf5 51. d6 Nxd6 52. Nxd6 Kxh7 53. Nc8 b5 54. Kc3 Kg7 55. Kb4 Kf6 56. Nd6 Ke6 57. Ne4 Ke5 58. Ka5 Kf4 59. Nd2 Ke3 60. Kxa6 Kxd2 61. f4 Kc2 62. Kxb5 Kxb3 63. f5 Kxb2 64. f6 Kc3 65. f7 Kd4 66. f8=Q Kd5 67. Qf4 Ke6 68. Kc6 Ke7 69. Qd6+ Kf7 70. Kd5 Ke8 71. Qc7 Kf8 72. Ke6 Kg8 73. Kf6 Kh8 74. Qg7# 1-0


[Site "https://www.chess.com"]

[Event "Titled Tuesday Blitz February 28 Early 2023"]
[White "Vlassov, Nikolai"]
[Black "Sanchez, Robert"]
[WhiteFideId "4103360"]
[BlackFideId "2034360"]
[WhiteElo "2324"]
[BlackElo "2433"]
[Result "1-0"]
[Round "08"]
[TimeControl "180+2"]
[Date "2023.02.28"]
[WhiteClock "0:00:11"]
[BlackClock "0:00:02"]

1. e4 d5 2. exd5 Qxd5 3. Nc3 Qe6+ 4. Be2 Qg6 5. Nf3 Qxg2 6. Rg1 Qh3 7. d4 c6 8. Bf4 Nf6 9. Qd2 g6 10. O-O-O Bg7 11. Rg3 Qf5 12. Rg5 Qd7 13. Ne5 Qd8 14. Bc4 Be6 15. Bxe6 fxe6 16. Qd3 Rg8 17. Rgg1 Nd5 18. Bg3 Nxc3 19. Qxc3 Qd5 20. Kb1 Nd7 21. Nc4 Nb6 22. Ne3 Qd7 23. Qb3 Nd5 24. Rge1 b5 25. c3 a5 26. Re2 a4 27. Qc2 a3 28. b3 h5 29. Rde1 Bf6 30. h4 b4 31. Nxd5 exd5 32. cxb4 Qf5 33. Be5 Qxc2+ 34. Rxc2 Kd7 35. b5 Rac8 36. bxc6+ Rxc6 37. Rxc6 Bxe5 38. Rc5 Bd6 39. Rxd5 Rf8 40. Re2 Rf4 41. Kc2 Rxh4 42. Rg5 Rxd4 43. Rxg6 h4 44. Rh6 Rg4 45. Kd3 Kc6 46. f3 Rg1 47. Rxh4 Rb1 48. Rc4+ Kd7 49. Ke4 Rb2 50. Rcc2 Rb1 51. Kd5 Rf1 52. Re3 Rd1+ 53. Kc4 Rb1 54. Rd3 Rf1 55. Kb5 Ke6 56. Ka4 Kf5 57. b4 Rb1 58. Rb3 1-0


[Site "https://www.chess.com"]

[Event "Titled Tuesday Blitz February 28 Early 2023"]
[White "Kochetov, Andrey"]
[Black "Tologon tegin, Semetei"]
[WhiteFideId "24130532"]
[BlackFideId "13800574"]
[WhiteElo "2440"]
[BlackElo "2247"]
[Result "1-0"]
[Round "08"]
[TimeControl "180+2"]
[Date "2023.02.28"]
[WhiteClock "0:00:13"]
[BlackClock "0:00:08"]

1. e4 c6 2. d4 d5 3. Nc3 dxe4 4. Nxe4 Bf5 5. Ng3 Bg6 6. h4 h6 7. Nf3 Nd7 8. h5 Bh7 9. Bd3 Bxd3 10. Qxd3 e6 11. Bd2 Ngf6 12. O-O-O Bd6 13. Ne4 Nxe4 14. Qxe4 Nf6 15. Qe2 Qc7 16. Kb1 O-O-O 17. c4 c5 18. Bc3 a6 19. dxc5 Bxc5 20. Ne5 Kb8 21. g4 Ka8 22. f4 Bd6 23. Rd4 Bxe5 24. Rxd8+ Rxd8 25. Bxe5 Qc6 26. Rc1 Ne8 27. b3 f6 28. Bc3 Rd7 29. Kb2 Nc7 30. a4 b6 31. Rg1 Kb7 32. g5 hxg5 33. fxg5 e5 34. gxf6 gxf6 35. h6 Rh7 36. Bd2 Ne6 37. Rg6 Nd4 38. Qg4 Qc7 39. Rg7 f5 40. Rxc7+ 1-0


[Site "https://www.chess.com"]

[Event "Titled Tuesday Blitz February 28 Early 2023"]
[White "Sharapov, Evgeny"]
[Black "Shuvalov, Evgenij"]
[WhiteFideId "14103133"]
[BlackFideId "4187237"]
[WhiteElo "2367"]
[BlackElo "2080"]
[Result "1/2-1/2"]
[Round "08"]
[TimeControl "180+2"]
[Date "2023.02.28"]
[WhiteClock "0:00:47"]
[BlackClock "0:00:45"]

1. e4 e6 2. d4 d5 3. Nc3 Bb4 4. e5 c5 5. a3 Bxc3+ 6. bxc3 Ne7 7. Nf3 h6 8. a4 b6 9. Bb5+ Bd7 10. O-O Bxb5 11. axb5 a5 12. bxa6 Rxa6 13. Rxa6 Nxa6 14. Ba3 Qc7 15. Qb1 Nb8 16. dxc5 bxc5 17. Bxc5 Qxc5 18. Qxb8+ Nc8 19. Qb4 Qxb4 20. cxb4 Kd7 21. Ra1 Kc7 22. Nd4 Kb7 23. Kf1 Ne7 24. Nb5 Nf5 25. g4 Kb6 26. gxf5 Kxb5 27. fxe6 fxe6 28. Ra7 Rc8 29. Rxg7 Rxc2 30. Rg6 Rc6 31. Rxh6 Kxb4 32. h4 Kc3 33. Rg6 d4 34. Rg8 d3 35. Rd8 Kc2 36. h5 Rc5 37. h6 d2 38. h7 Rd5 39. Rxd5 exd5 40. h8=Q d1=Q+ 41. Kg2 Qg4+ 42. Kh2 Qf4+ 43. Kg2 Qg4+ 44. Kh2 Qf4+ 45. Kg2 Qg4+ 1/2-1/2


[Site "https://www.chess.com"]

[Event "Titled Tuesday Blitz February 28 Early 2023"]
[White "Buchenau, Frank"]
[Black "Janaszak, Dawid"]
[WhiteFideId "4604350"]
[BlackFideId "1119206"]
[WhiteElo "2157"]
[BlackElo "2220"]
[Result "0-1"]
[Round "08"]
[TimeControl "180+2"]
[Date "2023.02.28"]
[WhiteClock "0:00:34"]
[BlackClock "0:01:09"]

1. e4 c5 2. Nf3 e6 3. d4 cxd4 4. Nxd4 a6 5. Bd3 g6 6. O-O Bg7 7. Be3 Nc6 8. Nxc6 bxc6 9. c3 d5 10. Nd2 Nf6 11. Bc5 Nd7 12. Bd6 Ne5 13. Bxe5 Bxe5 14. Qe2 Qc7 15. Nf3 Bg7 16. c4 O-O 17. Rac1 Qa5 18. a3 Rb8 19. Rfd1 Rxb2 20. Qe3 Qxa3 21. cxd5 cxd5 22. exd5 exd5 23. Rc7 Bg4 24. h3 Bxf3 25. Qxf3 Rb3 26. Qe2 a5 27. Ra7 Rb2 28. Qd2 Rxd2 0-1


[Site "https://www.chess.com"]

[Event "Titled Tuesday Blitz February 28 Early 2023"]
[White "Cella, Glaucio Dalla Cortt"]
[Black "Seletsky, Grigory"]
[WhiteFideId "2119455"]
[BlackFideId "14112191"]
[WhiteElo "2011"]
[BlackElo "2490"]
[Result "1/2-1/2"]
[Round "08"]
[TimeControl "180+2"]
[Date "2023.02.28"]
[WhiteClock "0:00:10"]
[BlackClock "0:00:06"]

1. e4 c6 2. Nf3 d5 3. exd5 cxd5 4. d4 Nc6 5. c3 Bg4 6. Qb3 Qd7 7. Ne5 Nxe5 8. dxe5 a6 9. Be3 e6 10. h3 Bh5 11. f4 Ne7 12. g4 Bg6 13. Bg2 Nc6 14. Nd2 Be7 15. O-O O-O 16. Nf3 Be4 17. Rae1 b5 18. Qd1 b4 19. Bf2 Qb7 20. Rxe4 dxe4 21. Nd2 bxc3 22. bxc3 Qb5 23. Nxe4 Rfd8 24. Nd6 Bxd6 25. exd6 Rd7 26. f5 exf5 27. c4 Qxc4 28. Qc1 Qxc1 29. Rxc1 Rxd6 30. Rxc6 Rxc6 31. Bxc6 Rc8 32. Bb7 Rc1+ 33. Kg2 fxg4 34. hxg4 a5 35. Bd5 a4 36. Bc6 a3 37. Bd5 h6 38. Kf3 Rc2 39. Bb3 Rc3+ 40. Ke4 g6 41. Bc5 Rh3 42. Bxa3 h5 43. gxh5 Rxh5 44. Be7 Kg7 45. a4 f5+ 46. Ke5 Rh1 47. Bf6+ Kh6 48. a5 Ra1 49. Bd8 Ra3 50. Bc4 Ra4 51. Bb5 Re4+ 52. Kf6 f4 53. a6 Re1 54. a7 Ra1 55. Bb6 f3 56. Bc6 Rxa7 57. Bxa7 g5 58. Kf5 Kh5 59. Bxf3+ Kh4 60. Bg4 Kg3 61. Bb8+ Kh4 62. Bd6 1/2-1/2


[Site "https://www.chess.com"]

[Event "Titled Tuesday Blitz February 28 Early 2023"]
[White "Zhukova, Natalia"]
[Black "Mammadzada, Gunay"]
[WhiteFideId "14101513"]
[BlackFideId "13403729"]
[WhiteElo "2297"]
[BlackElo "2396"]
[Result "1-0"]
[Round "08"]
[TimeControl "180+2"]
[Date "2023.02.28"]
[WhiteClock "0:00:53"]
[BlackClock "0:00:55"]

1. c4 c6 2. Nf3 d5 3. e3 Nf6 4. Nc3 a6 5. b3 Bg4 6. Be2 e6 7. Bb2 Bd6 8. O-O O-O 9. h3 Bh5 10. Nd4 Bxe2 11. Qxe2 Nbd7 12. Rac1 Qe7 13. f4 c5 14. Nf3 Rfe8 15. Qd3 dxc4 16. bxc4 Rad8 17. Qb1 Nb8 18. Ne4 Nxe4 19. Qxe4 h6 20. Bc3 Nc6 21. Rb1 Rd7 22. Rb3 e5 23. f5 f6 24. Nh4 Qf7 25. Ng6 Bc7 26. Rxb7 Na5 27. Rxc7 1-0


[Site "https://www.chess.com"]

[Event "Titled Tuesday Blitz February 28 Early 2023"]
[White "Thorhallsson, Simon"]
[Black "Mohammed, Zozek Salah Mohammed"]
[WhiteFideId "2310090"]
[BlackFideId "4803361"]
[WhiteElo "2108"]
[BlackElo "2211"]
[Result "1-0"]
[Round "08"]
[TimeControl "180+2"]
[Date "2023.02.28"]
[WhiteClock "0:00:14"]
[BlackClock "0:00:27"]

1. e4 e6 2. d4 d5 3. Nd2 c5 4. exd5 Qxd5 5. Ngf3 cxd4 6. Bc4 Qd6 7. O-O Nf6 8. Nb3 Nc6 9. Nfxd4 Nxd4 10. Qxd4 Qxd4 11. Nxd4 Bd7 12. Bf4 Rc8 13. Bb3 Bc5 14. Rad1 O-O 15. c3 b5 16. Be5 a5 17. a3 Rfd8 18. h3 Ne4 19. Rfe1 Nd6 20. Nf3 Nc4 21. Bxc4 bxc4 22. Re4 f6 23. Bd4 Be7 24. Bb6 Ba4 25. Bxd8 Bxd8 26. Rd2 e5 27. Re1 Be7 28. Nd4 Kf7 29. Nf5 Ke6 30. Nxe7 Kxe7 31. f4 Ke6 32. fxe5 fxe5 33. Rde2 Rc5 34. Kf2 Bc6 35. Ke3 e4 36. Rd2 Rg5 37. Rf1 Rg3+ 38. Kd4 Rd3+ 39. Rxd3 cxd3 40. Ke3 a4 41. Rf8 Kd5 42. Rf7 Kc4 43. Rc7 Kb3 44. Rxc6 Kxb2 45. Kd2 Kxa3 46. Re6 Kb2 47. Rxe4 a3 48. Rb4+ Ka1 49. Kxd3 a2 50. Kc2 1-0


[Site "https://www.chess.com"]

[Event "Titled Tuesday Blitz February 28 Early 2023"]
[White "Bilan, Danila"]
[Black "Hajiyev, Kanan"]
[WhiteFideId "24161918"]
[BlackFideId "13404148"]
[WhiteElo "2182"]
[BlackElo "2103"]
[Result "1-0"]
[Round "08"]
[TimeControl "180+2"]
[Date "2023.02.28"]
[WhiteClock "0:00:04"]
[BlackClock "0:00:04"]

1. d4 Nf6 2. Nf3 b6 3. g3 Bb7 4. Bg2 e6 5. O-O Be7 6. c4 O-O 7. d5 exd5 8. Nh4 Ne4 9. cxd5 Bxh4 10. Bxe4 Bf6 11. Nc3 Na6 12. Qc2 g6 13. Bh6 Re8 14. Rad1 Nc5 15. Bg2 a5 16. e4 d6 17. Rfe1 a4 18. Nb5 Ba6 19. Nd4 Bg5 20. Nc6 Qf6 21. Bxg5 Qxg5 22. f4 Qf6 23. e5 Qg7 24. b4 axb3 25. axb3 Bb7 26. b4 Bxc6 27. dxc6 Ne6 28. exd6 cxd6 29. Rxd6 b5 30. Qe4 Rac8 31. Qe5 Qf8 32. Qd5 Nc7 33. Rxe8 Rxe8 34. Qd2 Re2 35. Qxe2 Qxd6 36. Qb2 h5 37. h3 h4 38. Qe5 Qd1+ 39. Kh2 hxg3+ 40. Kxg3 Qb3+ 41. Kh4 Ne6 42. Bd5 Qxb4 43. Bxe6 fxe6 44. Qxe6+ Kg7 45. Qe5+ Kh6 46. Qh8# 1-0


[Site "https://www.chess.com"]

[Event "Titled Tuesday Blitz February 28 Early 2023"]
[White "Toktomushev, Teimur"]
[Black "Yurasova, Daria"]
[WhiteFideId "14176726"]
[BlackFideId "34146919"]
[WhiteElo "2106"]
[BlackElo "2134"]
[Result "0-1"]
[Round "08"]
[TimeControl "180+2"]
[Date "2023.02.28"]
[WhiteClock "0:00:01"]
[BlackClock "0:00:17"]

1. d4 d5 2. c4 dxc4 3. e3 e5 4. Bxc4 exd4 5. exd4 Nf6 6. Qb3 Qd7 7. Nf3 Bd6 8. O-O O-O 9. Nc3 Nc6 10. Bg5 Qf5 11. Qb5 a6 12. Qxf5 Bxf5 13. Rfe1 Rfe8 14. h3 Ne4 15. Be3 h6 16. Rac1 Rad8 17. Nd5 Ne7 18. Nxe7+ Rxe7 19. Bd5 c6 20. Bb3 Rde8 21. d5 c5 22. g4 Bh7 23. Kg2 b5 24. a4 c4 25. Bc2 Nf6 26. Bxh7+ Kxh7 27. axb5 axb5 28. Nd4 Nxd5 29. Nxb5 Bf4 30. Kf3 Bxe3 31. fxe3 Rxe3+ 32. Rxe3 Rxe3+ 33. Kf2 Rb3 34. Nd4 Rxb2+ 35. Kf3 c3 36. Ke4 Nf6+ 37. Kd3 Rh2 38. Kxc3 Rxh3+ 39. Kc4 Nxg4 40. Kd5 Nf6+ 41. Ke5 Rh5+ 42. Kf4 Rh4+ 43. Ke3 Re4+ 44. Kd3 Re5 45. Rf1 Ra5 46. Ke3 h5 47. Rg1 g6 48. Rf1 Kg7 49. Rb1 Ng4+ 50. Ke4 h4 51. Rb7 h3 52. Ne6+ Kf6 53. Nf4 h2 54. Rb6+ Kg7 55. Rb1 Ra4+ 56. Kf3 Rxf4+ 57. Kg3 Nf2 58. Kxh2 Nd3 59. Kg3 Rf5 60. Rd1 Ne5 61. Kg2 Ng4 62. Kg3 Nf6 63. Rd3 Ne4+ 64. Kg2 g5 65. Re3 Nc5 66. Rc3 Ne6 67. Rc4 Kg6 68. Rc6 g4 69. Rc8 Kg5 70. Rg8+ Kf4 71. Ra8 Re5 72. Ra4+ Re4 73. Ra7 f5 74. Ra3 Kg5 75. Ra8 f4 76. Rg8+ Kf5 77. Ra8 g3 78. Ra5+ Kg4 79. Ra8 Ng5 80. Ra3 f3+ 81. Kf1 g2+ 82. Kg1 Kg3 83. Re3 Kf4 0-1


[Site "https://www.chess.com"]

[Event "Titled Tuesday Blitz February 28 Early 2023"]
[White "Ljukin, Sergei"]
[Black "Gutkin, Ilya"]
[WhiteFideId "14102200"]
[BlackFideId "16203470"]
[WhiteElo "2312"]
[BlackElo "2265"]
[Result "1-0"]
[Round "08"]
[TimeControl "180+2"]
[Date "2023.02.28"]
[WhiteClock "0:00:02"]
[BlackClock "0:00:02"]

1. e4 c5 2. Nf3 Nc6 3. d4 cxd4 4. Nxd4 Nf6 5. Nc3 e5 6. Ndb5 d6 7. Nd5 Nxd5 8. exd5 Ne7 9. c3 Ng6 10. Qa4 Bd7 11. Qb4 Bc8 12. Qc4 Rb8 13. Be3 a6 14. Nc7+ Kd7 15. Bb6 Qh4 16. g4 h5 17. Ne6 fxe6 18. Qc7+ Ke8 19. Qxb8 Ne7 20. Qxd6 Qxg4 21. dxe6 Bxe6 22. Be2 Qe4 23. Rg1 Kf7 24. Qd3 Qc6 25. Be3 Bf5 26. Qd2 Nd5 27. O-O-O Nf6 28. Bd3 Bxd3 29. Qxd3 Be7 30. Bg5 Qa4 31. Kb1 Rd8 32. Qe2 Rc8 33. Bxf6 Bxf6 34. Qxh5+ Kf8 35. Qg4 Qc6 36. Qe2 Re8 37. Rg3 e4 38. Re3 Bg5 39. Rg3 Bf6 40. Rg4 Qd5 41. Rxd5 Re7 42. Rxe4 Kf7 43. Rxe7+ 1-0


[Site "https://www.chess.com"]

[Event "Titled Tuesday Blitz February 28 Early 2023"]
[White "Fan_Of_Chucky"]
[Black "Ibadov, Dashgyn"]
[BlackFideId "24107514"]
[WhiteElo "2402"]
[BlackElo "2208"]
[Result "0-1"]
[Round "08"]
[TimeControl "180+2"]
[Date "2023.02.28"]
[WhiteClock "0:01:06"]
[BlackClock "0:00:11"]

1. d4 d5 2. c4 e6 3. Nf3 Nf6 4. g3 c6 5. Bg2 Be7 6. O-O O-O 7. Qc2 b6 8. Nbd2 Bb7 9. e4 Na6 10. a3 c5 11. cxd5 exd5 12. e5 Ne4 13. dxc5 Naxc5 14. b4 Ne6 15. Nb3 Rc8 16. Qd1 Qd7 17. Nbd4 Rc4 18. Bb2 Rfc8 19. Bh3 h6 20. Nxe6 fxe6 21. Nd4 Ng5 22. Bg4 g6 23. f4 h5 24. fxg5 hxg4 25. Qxg4 a5 26. h4 axb4 27. axb4 Bxb4 28. h5 Bc5 29. hxg6 Rb4 30. Qxe6+ Qxe6 31. Bc3 Rxd4 32. Bxd4 Bxd4+ 33. Kg2 Rc2+ 0-1


[Site "https://www.chess.com"]

[Event "Titled Tuesday Blitz February 28 Early 2023"]
[White "Coelho, Ramyres Santana"]
[Black "Martic, Ivan"]
[WhiteFideId "2120690"]
[BlackFideId "929301"]
[WhiteElo "1888"]
[BlackElo "2360"]
[Result "0-1"]
[Round "08"]
[TimeControl "180+2"]
[Date "2023.02.28"]
[WhiteClock "0:00:01"]
[BlackClock "0:01:44"]

1. e4 c5 2. Nf3 e6 3. d4 cxd4 4. c3 dxc3 5. Nxc3 a6 6. Bc4 Nc6 7. O-O d6 8. Qe2 Nf6 9. Rd1 Qc7 10. Bf4 e5 11. Bg5 Be7 12. Bxf6 Bxf6 13. Nd5 Qd8 14. Rac1 O-O 15. Qd2 Bg4 16. Nxf6+ Qxf6 17. Qxd6 Bxf3 18. Qxf6 gxf6 19. gxf3 Nd4 20. Bd5 Ne2+ 21. Kh1 Nxc1 22. Rxc1 Rac8 23. Rg1+ Kh8 24. Bxb7 Rc2 25. Bxa6 Rxb2 26. a4 Ra8 27. Bb5 Rxf2 28. Rc1 Ra2 29. Rc7 Rd8 30. Rc1 Rdd2 31. Rc8+ Kg7 32. Rc1 Rxh2+ 33. Kg1 Rhb2 34. Kh1 Kg6 35. Kg1 Kg5 36. Kh1 Kf4 37. Kg1 Kg3 38. Kf1 Rh2 39. Ke1 h5 40. Bf1 Rxa4 41. f4 Rxe4+ 42. Kd1 Rf2 43. Rc3+ Kxf4 44. Rf3+ Kxf3 0-1


[Site "https://www.chess.com"]